 Dungeon Crawl Stone Soup version 0.30-a0-760-g5a9884bb7c (webtiles) character file.

Game seed: 2871540240269494042

83 kingofthe the Sneak (level 4, 0/27 HPs)
             Began as an Octopode Fire Elementalist on Feb 11, 2023.
             Killed from afar by an orc wizard (7 damage)
             ... with a magic dart
             ... on level 3 of the Dungeon.
             The game lasted 00:05:25 (2574 turns).

kingofthe the Sneak (Octopode Fire Elementalist)    Turns: 2574, Time: 00:05:25

Health: 0/27       AC:  1    Str: 13    XL:     4   Next: 44%
Magic:  2/8        EV: 13    Int: 17    God:
Gold:   96         SH:  0    Dex: 14    Spells: 5/8 levels left

rFire   . . .      SeeInvis .    (no weapon)
rCold   . . .      Faith    .    h - +0 buckler
rNeg    . . .      Spirit   .    (helmet restricted)
rPois   .          Reflect  .    (no amulet)
rElec   .          Harm     .    d - +6 ring of strength
rCorr   .          Rampage  .    (no ring)
Will    .....                    (no ring)
Stlth   ++                       (no ring)
HPRegen 0.24/turn                (no ring)
MPRegen 0.11/turn                (no ring)
                                 (no ring)
                                 (no ring)

@: confused
A: almost no armour, amphibious, 8 rings, camouflage 1, gelatinous body 1,
(nimble swimmer 1), tentacles
a: no special abilities


You were on level 3 of the Dungeon.
You visited 1 branch of the dungeon, and saw 3 of its levels.

You collected 96 gold pieces.

Inventory:

Armour
 h - a +0 buckler (worn)
Jewellery
 d - a +6 ring of strength (left tentacle)
 f - a ring of ice
Scrolls
 e - a scroll of vulnerability {unknown}
 j - a scroll of identify {unknown}
 l - a scroll of blinking {unknown}
Potions
 a - a potion of magic
 b - a potion of might {unknown}
 c - 2 potions of lignification {unknown}
 g - 3 potions of curing {unknown}
 i - a potion of brilliance {unknown}
 k - a potion of degeneration {unknown}


   Skills:
 + Level 2.6 Dodging
 + Level 3.4 Stealth
 * Level 2.9 Spellcasting
 + Level 1.9 Conjurations
 + Level 3.3 Fire Magic


You had 5 spell levels left.
You knew the following spells:

 Your Spells              Type           Power      Damage    Failure   Level
a - Foxfire               Conj/Fire      44%        2x1d6     9%          1
b - Scorch                Fire           26%        2d6       9%          2

Your spell library contained the following spells:

 Spells                   Type           Power      Damage    Failure   Level
 Inner Flame              Hex/Fire       8%         N/A       36%         3
 Kindle Blastsparks       Fire/Tloc/Air  12%        2d11      41%         3
 Flame Wave               Conj/Fire      11%        2d6       63%         4


Dungeon Overview and Level Annotations

Branches:
Dungeon (3/15)

Altars:
Xom
The Shining One


Innate Abilities, Weirdness & Mutations

You cannot wear most types of armour.
You are amphibious.
You can wear up to eight rings at the same time.
Your skin changes colour to match your surroundings (Stealth+).
Your rubbery body absorbs attacks. (AC +1, EV +1)
((You are camouflaged when in or above water. (Stealth+)))
You have tentacles for arms and can constrict up to eight enemies at once.


Message History

You closely miss the orc wizard. Your grab misses the orc wizard.
Your squeeze misses the orc wizard.
The foxfire hits the orc but does no damage. x2
The orc wizard hits you with a +0 dagger.
The orc hits you from afar with a +0 trident.
The orc closely misses you.
You tentacle-slap the orc wizard but do no damage.
Your grab misses the orc wizard. The orc barely misses you.
The orc wizard barely misses you. The orc misses you.
You conjure some foxfire!
You block the orc's attack.
The orc wizard hits you with a +0 dagger.
The orc closely misses you.
You conjure some foxfire!
The foxfire hits the orc.
The orc is heavily wounded.
The orc hits you with a +2 dagger of protection.
You block the orc wizard's attack. You block the orc's attack.
You are too injured to fight recklessly!
You are too injured to fight recklessly!
You are too injured to fight recklessly!
You barely miss the orc. You grab the orc. You squeeze the orc.
You kill the orc!
The foxfire hits the orc.
You kill the orc!
The foxfire hits the orc wizard.
The orc wizard is moderately wounded.
The orc wizard casts a spell at you.
You are confused.
The orc wizard attacks as you move away!
The orc wizard barely misses you.
The orc wizard gestures wildly while chanting.
The orc wizard flickers and vanishes!
Deactivating autopickup; reactivate with Ctrl-A.
You bump into the rock wall.
A magic dart appears from out of thin air!
The magic dart hits you.
* * * LOW HITPOINT WARNING * * *
You hear some strange, mumbled words.
A magic dart appears from out of thin air!
The magic dart hits you!
You die...

#.......## #)........ #.###.#.#
.....#####.##.#.
#.#..###.##.....# ##.##.#.
#.....# .....$..# #.....#.
#..###.# #..)...# #..####. ##..#
#.#...# #.†..... #...# #..#)#
#.###### #.#.# #{)).# #.# #.#.#
#@.# ##.# ### #.#.# #.#...####..#
..# #.#.#######.#####.....## #.#
#..................PP..#####
#.########.....#####....~~P......
........##.....####..#..P....#...
#.#####.##..........##'..........
..#[†..)†......###.##_##..⌠..#...
###.###.##.....# #..###......##..


There were no monsters in sight!

Vanquished Creatures
  Robin (D:3)
  An adder (D:2)
  3 dart slugs
  4 orcs (D:3)
  4 endoplasms
  2 giant cockroaches
  12 goblins
  3 hobgoblins
  2 quokkas (D:1)
  5 ball pythons
  4 bats
  3 frilled lizards
  3 kobolds
  4 rats
51 creatures vanquished.

Vanquished Creatures (others)
  143 foxfires
143 creatures vanquished.

Grand Total: 194 creatures vanquished

Notes
Turn   | Place    | Note
-------+----------+-------------------------------------------
     0 | D:1      | kingofthe the Octopode Fire Elementalist began the quest
                  | for the Orb.
     0 | D:1      | Reached XP level 1. HP: 11/11 MP: 3/3
   271 | D:1      | Reached XP level 2. HP: 15/17 MP: 0/5
  1121 | D:2      | Reached XP level 3. HP: 21/21 MP: 3/6
  1377 | D:2      | Found Woicouw's Book Shop.
  1498 | D:2      | Learned a level 2 spell: Scorch
  1833 | D:3      | Found a shimmering altar of Xom.
  2274 | D:3      | Noticed Robin
  2288 | D:3      | Killed Robin
  2289 | D:3      | Reached XP level 4. HP: 20/27 MP: 1/8
  2548 | D:3      | Found a glowing golden altar of the Shining One.
  2574 | D:3      | Killed from afar by an orc wizard

Illustrated notes

Levels and vault maps discovered:
D:1:      dpeg_arrival_simpleton_c, layout_loops_ring
D:2:      layout_basic, serial_shops, nicolae_shop_trees
D:3:      layout_loops_cross, xom_teletrap_fun, tso_oasis_becter, uniq_robin

Skill      XL: |  1  2 |
---------------+-------+-----
Stealth        | 3 |  3.4
Dodging        | |  2.6
Spellcasting   | |  2.9
Conjurations   | |  1.9
Fire Magic     | |  3.3

Action                     |  1- 3 |  4- 6 || total
---------------------------+-------+-------++-------
  Melee: Unarmed           |     4 |    22 ||    26
         Constrict         |     1 |     7 ||     8
         Tentacles         |     1 |     6 ||     7
   Cast: Foxfire           |    74 |    13 ||    87
         Scorch            |       |     1 ||     1
 Armour: Skin              |     3 |     2 ||     5
  Dodge: Dodged            |    12 |    16 ||    28
  Block: Buckler           |     4 |     5 ||     9

Table legend: (Time is in decaauts)
 A = Elapsed time spent in this place.
 B = Non-inter-level travel time spent in this place.
 C = Inter-level travel time spent in this place.
 D = Time resting spent in this place.
 E = Time spent auto-exploring this place.
 F = Levels seen in this place.
 G = Mean time per level.
                   A        B        C        D        E       F      G
               +--------+--------+--------+--------+--------+-----+--------+
         Total |   2574 |   2461 |    113 |     58 |   2081 |   3 |  858.0 |
       Dungeon |   2574 |   2461 |    113 |     58 |   2081 |   3 |  858.0 |
               +--------+--------+--------+--------+--------+-----+--------+

Top non-repeatable levels by time:
     D:2: 987 daAuts
     D:1: 907 daAuts
     D:3: 679 daAuts
